 Dungeon Crawl Stone Soup version 0.32-a0-928-g1cae6b7ea0 (webtiles) character file.

Game seed: 3455784874601684673

194 Alarak the Shooter (level 5, -1/64 HPs)
             Began as a Coglin Hunter on Apr 12, 2024.
             Was an Initiate of Ashenzari.
             Slain by a mummy (6 damage)
             ... in an ossuary.
             The game lasted 00:06:01 (2243 turns).

Alarak the Shooter (Coglin Hunter)                  Turns: 2243, Time: 00:06:01

Health: -1/64      AC: 22    Str: 11    XL:     5   Next: 73%
Magic:  5/5        EV:  2    Int:  8    God:    Ashenzari [......]
Gold:   210        SH:  0    Dex: 20    Spells: 4/4 levels left

rFire   . . .        a - +2 sling {Aida}
rCold   . . .        d - +0 sling {Nammahani}
rNeg    . . .        c - melded +0 leather armour
rPois   +            o - melded +0 helmet of the Cursed Sphere {Self, Dev} (curse)
rElec   .            (cloak currently unavailable)
rCorr   .            (gloves currently unavailable)
SInv    .            k - melded +0 pair of boots
Will    .....        (amulet unavailable)
Stlth   ++           (ring unavailable)
HPRegen 0.30/turn    (ring unavailable)
MPRegen 0.09/turn    (no gizmo)

%: no passive effects
@: tree-form, revved
A: stationary, stasis, torment immunity, boosted hp, off-hand wielding, slow
wielding, warmup strikes, no jewellery
a: Invent Gizmo, Renounce Religion, Shatter the Chains


You were in an ossuary.
You worshipped Ashenzari.
Ashenzari was noncommittal.
You were a tree.
You visited 1 branch of the dungeon, and saw 4 of its levels.
You also visited: Ossuary.

You collected 210 gold pieces.

Inventory:

Hand Weapons
 a - a +2 sling (weapon) {Aida}
 d - a +0 sling (offhand) {Nammahani}
Missiles
 h - 2 throwing nets
Armour
 c - a +0 leather armour (melded)
 k - a +0 pair of boots (melded)
 o - the cursed +0 helmet of the Cursed Sphere (melded) {Self, Dev}
   (You found it on level 2 of the Dungeon)

   It has a curse which improves the following skills: Introspection: Fighting
   and Spellcasting.
   Devices:   Evocations and Shapeshifting.
 p - a +0 ring mail
Scrolls
 b - a scroll of butterflies
 g - a scroll of acquirement {unknown}
 q - 2 scrolls of teleportation
Potions
 e - 3 potions of attraction
 f - a potion of mutation
 i - a potion of experience {unknown}
 j - a potion of magic
 l - a potion of curing
 m - a potion of enlightenment {unknown}
 n - a potion of ambrosia {unknown}
 s - a potion of lignification


   Skills:
 + Level 4.6 Fighting
 + Level 4.8 Ranged Weapons
 - Level 1.7 Dodging
 - Level 0.7 Stealth


You had 4 spell levels left.
You didn't know any spells.
Your spell library contained the following spells:

 Spells                   Type           Power      Damage    Failure   Level
 Lesser Beckoning         Tloc           0%         N/A       54%         2
 Dazzling Flash           Conj/Hex       0%         N/A       78%         3
 Maxwell's Portable Pile  Tloc           0%         2d(5-13)  78%         3
 Mephitic Cloud           Conj/Alch/Air  0%         N/A       78%         3
 Teleport Other           Tloc           0%         N/A       78%         3
 Curse of Agony           Necr           0%         N/A       100%        5
 Silence                  Hex/Air        0%         N/A       100%        5


Dungeon Overview and Level Annotations

Branches:
Dungeon (4/15)             Temple (0/1) D:4         Ossuary (1/1)

Altars:
Ashenzari
Nemelex Xobeh
Trog

Shops:
D:2 (


Innate Abilities, Weirdness & Mutations

You are a tree.
Your roots penetrate the ground, keeping you stationary.
You cannot be teleported.
You are immune to unholy pain and torment.
Your maximum health is greatly increased.
Your equipment is partially melded.
You can wield a second weapon in your off-hand.
It takes a long time for you to wield or remove held weapons.
Your first few attacks do less damage.
You cannot equip rings or amulets.


Message History

You destroy the mummy!
You shoot a sling bullet. The sling bullet hits the mummy!
The mummy is heavily damaged.
You shoot a sling bullet.
The sling bullet hits the mummy but does no damage.
The mummy is heavily damaged.
You shoot a sling bullet.
The sling bullet hits the mummy but does no damage.
The mummy is heavily damaged.
You shoot a sling bullet. The sling bullet hits the mummy.
The mummy is heavily damaged.
The mummy hits you!
You shoot a sling bullet.
The sling bullet hits the mummy but does no damage.
The mummy is heavily damaged.
You shoot a sling bullet.
The sling bullet closely misses the mummy.
The mummy barely misses you.
You shoot a sling bullet.
The sling bullet hits the mummy but does no damage.
The mummy is heavily damaged.
You shoot a sling bullet.
The sling bullet barely misses the mummy.
The sling bullet hits the orc zombie.
The orc zombie is severely damaged.
The mummy barely misses you.
You shoot a sling bullet. The sling bullet hits the orc zombie.
You destroy the orc zombie!
You shoot a sling bullet. The mummy hits you! x2
* * * LOW HITPOINT WARNING * * *
You are too injured to fight recklessly!
It was a potion of curing.
You feel better. The mummy hits you!
* * * LOW HITPOINT WARNING * * *
You are too injured to fight recklessly!
It was a potion of lignification.
You turn into a tree.
The cursed +0 helmet of the Cursed Sphere {Self, Dev} melds into your body.
Your +0 pair of boots melds into your body.
Your +0 leather armour melds into your body.
Your roots penetrate the ground.
The mummy hits you.
You die...

...........
.........
........
......
#....#
#....#
#.MM.#
#.♣..#
#....#
#....#
#....#
#....#
#.∩∩.#
######


You could see 2 mummies.

Vanquished Creatures
  A bombardier beetle (D:3)
  2 mummies (Ossuary)
  3 adders
  4 gnolls (D:3)
  An orc (D:3)
  8 ball pythons
  3 endoplasms
  4 giant cockroaches
  7 goblins
  4 hobgoblins
  6 jackals
  7 quokkas
  2 bats
  A frilled lizard (D:1)
  2 gnoll zombies (Ossuary)
  4 kobolds (D:2)
  2 kobold zombies (Ossuary)
  3 orc zombies (Ossuary)
  6 rats
70 creatures vanquished.

Notes
Turn   | Place    | Note
-------+----------+-------------------------------------------
     0 | D:1      | Alarak the Coglin Hunter began the quest for the Orb.
     0 | D:1      | Reached XP level 1. HP: 16/16 MP: 1/1
    47 | D:1      | Reached XP level 2. HP: 22/22 MP: 2/2
   530 | D:2      | Found a bloodstained altar of Trog.
   611 | D:2      | Reached XP level 3. HP: 27/27 MP: 3/3
  1210 | D:2      | Found Fius's Weapon Emporium.
  1614 | D:3      | Found a sparkling altar of Nemelex Xobeh.
  1674 | D:3      | Reached XP level 4. HP: 30/34 MP: 4/4
  1762 | D:3      | Reached XP level 5. HP: 41/41 MP: 5/5
  1943 | D:3      | Found a faded altar of an unknown god.
  1963 | D:3      | Prayed at the altar of an unknown god.
  1963 | D:3      | Became a worshipper of Ashenzari the Shackled
  2094 | D:4      | Found a staircase to the Ecumenical Temple.
  2203 | D:4      | Found a sand-covered staircase.
  2211 | Ossuary  | Entered an ossuary
  2243 | Ossuary  | Slain by a mummy

Illustrated notes

Levels and vault maps discovered:
D:1:      roderic_crop_circles_arrival_small, layout_basic
D:2:      layout_basic, basic_altar, serial_shops, shop
D:3:      layout_rooms, mainiacjoe_overflow_tiny_flanked,
          ebering_ecumenical_altar_abandoned, saegor_snake_ambush
D:4:      layout_loops_corners, mainiacjoe_overflow_six_doors_small,
          minmay_temple_entry_offerings, chequers_ossuary_entry_cave,
          gammafunk_ghost_nasty_kobolds, st_stairs_3,
          chequers_serial_rivers_marsh
Ossuary:  ossuary_tomb_3

Skill      XL: |  1  2  3  4  5 |
---------------+----------------+-----
Ranged Weapons | 4 |  4.8
Fighting       | 3 4 |  4.6
Dodging        | |  1.7
Stealth        | |  0.7

Action                     |  1- 3 |  4- 6 || total
---------------------------+-------+-------++-------
   Fire: Sling             |   174 |   146 ||   320
 Invoke: Curse Item        |       |     1 ||     1
    Use: Scroll            |     5 |     2 ||     7
         Potion            |       |     2 ||     2
 Armour: Leather armour    |    15 |    14 ||    29
         Skin              |       |     1 ||     1
  Dodge: Dodged            |    14 |    12 ||    26

Table legend: (Time is in decaauts)
 A = Elapsed time spent in this place.
 B = Non-inter-level travel time spent in this place.
 C = Inter-level travel time spent in this place.
 D = Time resting spent in this place.
 E = Time spent auto-exploring this place.
 F = Levels seen in this place.
 G = Mean time per level.
                   A        B        C        D        E       F      G
               +--------+--------+--------+--------+--------+-----+--------+
         Total |   2291 |   2174 |    117 |    197 |   1655 |   5 |  458.2 |
       Dungeon |   2254 |   2137 |    117 |    197 |   1652 |   4 |  563.5 |
       Ossuary |     37 |     37 |      0 |      0 |      3 |   1 |   37.0 |
               +--------+--------+--------+--------+--------+-----+--------+

Top non-repeatable levels by time:
     D:2: 891 daAuts
     D:3: 699 daAuts
     D:1: 526 daAuts
     D:4: 136 daAuts
 Ossuary: 37 daAuts
